Cogmind - Beta 12 *** ADVENTURER MODE // 2023.11.21 @ 22:07:47 Player: motadol Result: Destroyed by D-53 Grenadier with Mini Grenade Launcher Performance ------------- Evolutions (0) 0 Regions Visited (2) 400 Robots Destroyed (18) 90 Value Destroyed (294) 294 Prototype IDs (2) 40 Alien Tech Used (0) 0 Bonus (0) 0 TOTAL SCORE: 824 Bonus ------- None Cogmind --------- Core Integrity 0/250 Matter 218/300 Energy 250/250 System Corruption 2% Temperature Cool (0) Movement Walking (190) Ox1 Location -10/Mines Parts ------- > --- POWER (1) -------- Ion Engine > --- PROPULSION (2) --- Aluminum Leg > --- UTILITY (2) ------ Medium Storage Unit > --- WEAPON (2) ------- (None) > --- INVENTORY (10) --- Light Ion Engine Light Nuclear Core Aluminum Leg Aluminum Leg Large Storage Unit Signal Interpreter Improved Terrain Scanner Light Assault Rifle Light Assault Rifle Hammer Peak State ------------ > --- POWER ------------ Ion Engine > --- PROPULSION ------- Aluminum Leg Aluminum Leg > --- UTILITY ---------- Small Storage Unit Improved Terrain Scanner > --- WEAPON ----------- Assault Rifle Light Assault Rifle > --- INVENTORY -------- Ion Engine Light Ion Engine Compact Wheel Small Storage Unit Small Matter Pod Seismic Detector EM Pulse Gun [Rating: 9] Favorites ----------- Power Ion Engine Engine Ion Engine Propulsion Aluminum Leg Leg Aluminum Leg Utility Seismic Detector Device Seismic Detector Storage Medium Storage Unit Weapon Light Assault Rifle Ballistic Gun Light Assault Rifle Ballistic Cannon Light Cannon Launcher Grenade Launcher Impact Weapon Hammer Build | -11 -10 -10 ------- Run | Jun Mat Min Slots Evolved . | . . . Power . | . . . Propulsion . | . . . Utility . | . . . Weapon . | . . . Parts Attached 29 | 8 16 5 Power 3 | 1 1 1 Engine 3 | 1 1 1 Core . | . . . Reactor . | . . . Propulsion 5 | 2 2 1 Treads . | . . . Leg 5 | 2 2 1 Wheel . | . . . Hover . | . . . Flight . | . . . Utility 10 | 3 7 . Device 5 | 2 3 . Storage 5 | 1 4 . Processor . | . . . Hackware . | . . . Protection . | . . . Artifact . | . . . Weapon 11 | 2 6 3 Energy Gun . | . . . Energy Cannon . | . . . Ballistic Gun 6 | 2 3 1 Ballistic Cannon 1 | . 1 . Launcher 3 | . 1 2 Special Weapon . | . . . Impact Weapon 1 | . 1 . Slashing Weapon . | . . . Piercing Weapon . | . . . Special Melee Weapon . | . . . Unidentified Prototypes . | . . . Parts Lost 3 | . . 3 Power . | . . . Propulsion 1 | . . 1 Utility 1 | . . 1 Weapon 1 | . . 1 Highest Loss Streak 3 | . . 3 To Critical Strikes . | . . . Average Slot Usage (%) 99 | . 100 98 Engine 14 | . 14 14 Leg 27 | . 28 27 Device 13 | . 14 13 Storage 14 | . 14 14 Ballistic Gun 21 | . 25 13 Ballistic Cannon 5 | . 2 14 Naked Turns . | . . . Heaviest Build 28 | 14 28 20 Greatest Support 20 | 20 20 20 Greatest Overweight (x) 1 | 1 1 1 Average Overweight (x) . | . . . Largest Inventory Capacity 15 | 8 15 10 Average Capacity 10 | 7 10 10 Most Carried 12 | 8 12 10 Average Carried 8 | 3 9 9 Final Capacity 10 | 8 10 10 Final Carried 10 | 7 8 10 Class Distribution -------------------- 77% | Mutant 22% | Scavenger-Mutant Dominant Class ---------------- Mutant | -10/Materials Scavenger-Mutant | -10/Mines Resources | -11 -10 -10 ----------- Run | Jun Mat Min Matter Collected 689 | 279 242 168 Remotely . | . . . Salvage Created 410 | 72 236 102 Parts 39 | 11 23 5 Haulers Intercepted 1 | . 1 . Recyclers Shooed . | . . . Parts Field Recycled . | . . . Retrieved Matter . | . . . Parts Self-Destructed . | . . . Prevented . | . . . Kills | -11 -10 -10 ------- Run | Jun Mat Min Combat Hostiles Destroyed 13 | . 8 5 Melee 1 | . 1 . Guns 4 | . 4 . Cannons 3 | . . 3 AOE 5 | . 3 2 Classes Destroyed 7 | 3 4 . Worker 1 | 1 . . Tunneler 1 | 1 . . Hauler 1 | . 1 . Recycler 1 | 1 . . Watcher 1 | . 1 . Swarmer 9 | . 6 3 Grunt 4 | . 2 2 Best Kill Streak 4 | 2 4 3 Combat Bots Only 3 | . 3 3 Max Kills in Single Turn 3 | 1 3 3 Gunslinging . | . . . Exploded 3 | . 3 2 Melee 1 | . 1 . Uniques/NPCs Destroyed . | . . . Combat | -11 -10 -10 -------- Run | Jun Mat Min Damage Taken 883 | . 262 621 Core 260 | . 49 211 Absorbed by Shields . | . . . Core Remaining (%) 100 | 100 . . Volleys Fired 53 | 3 39 11 Largest 2 | 1 2 2 Hottest 65 | 20 55 65 Shots Fired 87 | 3 63 21 Gun 71 | 3 61 7 Cannon 12 | . 1 11 Launcher 4 | . 1 3 Special . | . . . Kinetic 83 | 3 62 18 Thermal . | . . . Explosive 4 | . 1 3 Electromagnetic . | . . . Robot Hit Streak 13 | 2 10 13 Robot Miss Streak 4 | 1 4 1 Penetration Max . | . . . Secondary Targets . | . . . Shots Hit Robots 65 | 2 47 16 Core Hits 35 | 3 20 12 Critical Kills . | . . . Critical Parts Destroyed . | . . . Critical Strikes . | . . . Melee Attacks 5 | . 5 . Impact 5 | . 5 . Slashing . | . . . Piercing . | . . . Sneak Attacks . | . . . Combat Hostiles . | . . . Follow-up Attacks . | . . . Damage Inflicted 1047 | 44 657 346 Guns 515 | 44 431 40 Cannons 154 | . 18 136 Explosions 286 | . 116 170 Melee 92 | . 92 . Ramming . | . . . Kinetic 669 | 44 449 176 Thermal . | . . . Explosive 286 | . 116 170 Electromagnetic . | . . . Impact 92 | . 92 . Slashing . | . . . Piercing . | . . . Highest Corruption 2 | . 2 2 Average Corruption 1 | . 1 2 Corruption Purged . | . . . Corruption Blocked . | . . . Effects 20 | . 11 9 Message Errors 6 | . 3 3 Matter Fused 4 | . 2 2 Heat Flow Errors 5 | . 2 3 Energy Discharges 1 | . . 1 Data Loss (major) 3 | . 3 . Weapon Failures 1 | . 1 . Overload Shots . | . . . Overflow Damage 8 | . . 8 Projectiles . | . . . Explosions 8 | . . 8 Melee . | . . . Knockbacks 3 | . . 3 Impact . | . . . Kinetic 3 | . . 3 Secondary . | . . . Self-Inflicted Damage . | . . . Shots . | . . . Rammed . | . . . Targets Rammed . | . . . Kicked . | . . . Crushed . | . . . Highest Temperature 279 | . 244 279 Average Temperature 84 | . 96 79 Received Heat Transfer 60 | . 33 27 Effects 3 | . . 3 Interference 3 | . . 3 Siege Activations . | . . . Robots Corrupted . | . . . Combat Hostiles . | . . . Parts Fried . | . . . Impact Corruptions . | . . . Robots Melted . | . . . Combat Hostiles . | . . . Parts Melted . | . . . Heat Transferred . | . . . Parts Sabotaged . | . . . Parts Stolen . | . . . Parts Stripped . | . . . Power Chain Reactions . | . . . Missiles Intercepted . | . . . Alert | -11 -10 -10 ------- Run | Jun Mat Min Peak Influence 144 | 15 118 144 Initial 8 | . 8 . Average 53 | 8 47 78 Maximum Alert Level . | . . . Low Security (%) 100 | 100 100 100 Level 1 . | . . . Level 2 . | . . . Level 3 . | . . . Level 4 . | . . . Level 5 . | . . . High Security . | . . . Max Security . | . . . Squads Dispatched . | . . . Investigation . | . . . Extermination . | . . . Reinforcement . | . . . Assault . | . . . Garrison . | . . . Intercept . | . . . Searches Triggered . | . . . Construction Impeded . | . . . Haulers Reinforced . | . . . Active Scanning Responses . | . . . Cargo Convoy Interrupts . | . . . Stealth | -11 -10 -10 --------- Run | Jun Mat Min Distress Signals . | . . . Communications Jammed . | . . . Distress Signals . | . . . Times Spotted 24 | . 17 7 Peak Tracking Total 3 | . 3 3 Tactical Retreats 1 | . 1 . Traps | -11 -10 -10 ------- Run | Jun Mat Min Traps Triggered 3 | . 3 . Indirectly . | . . . Trap Hack Attempts . | . . . Triggered . | . . . Disarmed 4 | . 4 . Reprogrammed . | . . . Reused . | . . . Traps Extracted . | . . . Installed . | . . . Triggered . | . . . Machines | -11 -10 -10 ---------- Run | Jun Mat Min Machines Disabled 1 | . 1 . Max in Single Turn 1 | . 1 . Machines Repaired . | . . . Machines Sabotaged . | . . . Overloaded Fab Kills . | . . . Hacking | -11 -10 -10 --------- Run | Jun Mat Min Machines Accessed 6 | . 6 . Terminals 5 | . 5 . Fabricators . | . . . Repair Stations . | . . . Recycling Units 1 | . 1 . Scanalyzers . | . . . Garrison Access . | . . . Total Hacks 19 | . 19 . Successful 10 | . 10 . Failed 9 | . 9 . Catastrophic . | . . . Database Lockouts . | . . . Manual 2 | . 2 . Terminals 18 | . 18 . Fabricators . | . . . Repair Stations . | . . . Recycling Units 1 | . 1 . Scanalyzers . | . . . Garrison Access . | . . . Terminal Hacks 9 | . 9 . Record 1 | . 1 . Prototype ID Bank 1 | . 1 . Emergency Access Points 1 | . 1 . Alert Level 1 | . 1 . Disarm Traps 2 | . 2 . Recall Investigation 1 | . 1 . Hauler Manifests 1 | . 1 . Zone Layout 1 | . 1 . Fabricator Hacks . | . . . Repair Station Hacks . | . . . Recycling Unit Hacks 1 | . 1 . Report Inventory 1 | . 1 . Scanalyzer . | . . . Garrison Access Hacks . | . . . Unauthorized Hacks . | . . . Terminals . | . . . Fabricators . | . . . Repair Stations . | . . . Recycling Units . | . . . Scanalyzers . | . . . Garrison Access . | . . . Data Cores Recovered . | . . . Used . | . . . Hacking Detections 4 | . 4 . Full Trace Events . | . . . Feedback Events . | . . . Feedback Blocked . | . . . Robot Schematics Acquired . | . . . Robots Built . | . . . Authchips . | . . . Time . | . . . Total Robot Build Rating . | . . . Part Schematics Acquired . | . . . Parts Built . | . . . Authchips . | . . . Time . | . . . Total Part Build Rating . | . . . Parts Repaired . | . . . Time . | . . . Parts Recycled . | . . . Recycled Matter . | . . . Retrieved Matter . | . . . Retrieved Components . | . . . Parts Scanalyzed . | . . . Part Schematics Acquired . | . . . Parts Damaged . | . . . Bothacking | -11 -10 -10 ------------ Run | Jun Mat Min Used RIF Installer . | . . . Robots Hacked . | . . . Non-combat . | . . . Combat . | . . . Robot Hacks Applied . | . . . Relay Couplers Released . | . . . Fabnet Peak Effective % . | . . . Robots Rewired . | . . . Allies Hacked . | . . . Hacks Repelled . | . . . Allies | -11 -10 -10 -------- Run | Jun Mat Min Total Allies . | . . . Largest Group . | . . . Highest-Rated Group . | . . . Highest-Rated Ally . | . . . Total Orders . | . . . Ally Attacks . | . . . Total Damage . | . . . Kills . | . . . Allies Corrupted . | . . . Allies Melted . | . . . Intel | -11 -10 -10 ------- Run | Jun Mat Min Robot Analysis Total . | . . . Derelict Logs Recovered 1 | . . 1 Drone Launches . | . . . Drone Recoveries . | . . . Exploration | -11 -10 -10 ------------- Run | Jun Mat Min Turns Passed 1869 | 119 1226 524 Spaces Moved 1223 | 82 796 345 Core 18 | 18 . . Treads . | . . . Legs 1205 | 64 796 345 Wheels . | . . . Hover . | . . . Flight . | . . . Fastest Speed 50 | 50 120 120 Average Speed 127 | 110 132 121 Slowest Speed 190 | 120 190 190 Overloaded Moves . | . . . Propulsion Burnouts . | . . . Robots Hopped . | . . . Cave-ins Triggered . | . . . Exploration Rate (%) 57 | 5 92 76 Regions Visited 2 Branch Regions 1 Pre-discovered Areas 1 | . . 1 Known Exits Taken . | . . . Unknown Exits Taken 2 | 1 1 . Scrap Searched . | . . . Spaces Dug . | . . . Terrain Destroyed 31 | . 6 25 Melee . | . . . Projectile . | . . . AOE 31 | . 6 25 Terrain Rammed . | . . . Walls Destroyed . | . . . Machines Disabled . | . . . Actions | -11 -10 -10 --------- Run | Jun Mat Min Total 1438 | 106 901 431 Wait 83 | . 20 63 Move 1221 | 81 795 345 Hop . | . . . Pick Up 30 | 14 12 4 Fast Attach . | . . . Attach 8 | 7 . 1 Detach . | . . . Swap 21 | 1 16 4 Drop 17 | . 14 3 Fire 53 | 3 39 11 Melee 5 | . 5 . Ram . | . . . Kick . | . . . Crush . | . . . Escape Stasis . | . . . Rewire . | . . . Trap . | . . . Miscellaneous . | . . . Route ------- -11/Junkyard -10/Materials (discovered 4 exits: [*Mat x3] / [*Min]) -10/Mines (discovered 1 exit: [*Mat]) History --------- Turn | Location | Event 14 | -11/Junkyard | Discovered new exit (range 14) 120 | -11/Junkyard | Entered Materials 269 | -10/Materials | Discovered new exit (range 17) 305 | -10/Materials | Build established: Mutant 571 | -10/Materials | Discovered new exit (range 14) 769 | -10/Materials | Discovered new exit (range 13) 784 | -10/Materials | Discovered new exit (range 3) 1346 | -10/Materials | Entered Mines 1425 | -10/Mines | Met a Derelict bent on vengeance 1458 | -10/Mines | Learned location of Zion (-7) 1638 | -10/Mines | Discovered new exit (range 13) 1731 | -10/Mines | Build established: Scavenger-Mutant 1763 | -10/Mines | Assembled infested the area 1857 | -10/Mines | Core integrity fell below 50% 1867 | -10/Mines | Core integrity fell below 20% 1870 | -10/Mines | Destroyed by D-53 Grenadier with Mini Grenade Launcher Last Messages --------------- squad. 01810_ System corrupted: Matter fused (-5). 01828_ System corrupted: Heat flow error (+295). 01829_ Overheating: System interference. 01829_ Seismic Detector temporarily disabled. 01829_ Lgt. Assault Rifle temporarily disabled. 01847_ Laser Drill disabled. 01855_ D-53 Grenadier knocked back. 01859_ HI>NOSXOWQUC0%YPYAHPD=WPDBV2LF:|FQE,M 01861_ The unstable cave ceiling collapses. 01861_ Dropped Grenade Launcher. 01862_ The unstable cave ceiling collapses. 01862_ Seismic Detector destroyed. 01862_ Aluminum Leg destroyed. 01863_ The unstable cave ceiling collapses. 01863_ U-05 Engineer builds a Wall. 01864_ The unstable cave ceiling collapses. 01866_ U-05 Engineer destroyed. 01869_ The unstable cave ceiling collapses. 01870_ Lgt. Cannon destroyed. Map ----- +----------------------------------------------------+ | ?????????????????????????????????????????????????? | | ?????????????????????????????????????????????????? | | ?????????????????????????????????????????????????? | | ?????????????????????????????????????????????????? | | ?????????????????????????????????????????????????? | | ?????????????????????????????????????????????????? | | ???????????#?????????????????????????????????????? | | ???????????# ????????????????????????????????????? | | ???????????# ?#??????????????????????????????????? | | ???????????# # ##???????????????????????????????? | | ??????????## $ # #??????????????????????????????? | | ??????????? ??????????????????????????????? | | ???????????# #?????????????????????????????? | | ???????????## #####?????????????????????????? | | ???????????? #?????????????????????????? | | ?????????????# ##????????????????????????? | | ??????????????# #????????????????????????? | | ???????????????# d ##???????????????????????? | | ???????????????# d ###?????????????????????? | | ???????????????## ##????????????????????? | | ???????????????# #????????????????????? | | ???????????????# ####??????????????????? | | ???###?????????# ##?????????????????? | | ??## ##???????# #?????????###?????? | | ??? #??????## #????????? #?????? | | ???? #??????## = @ ##???????? #?????? | | ????? #??????###%= # ######???# #?????? | | ??????# #???????# ## ##?# #??????? | | ???????# ???????# #### ## #???????? | | ???????# ##??#### #??# #### #????????? | | ???????# ##?# #??## #?## ##?????#?? | | ????????# #?# ####???# ### ##### #?? | | ????????# ### #??????# """ #?? | | ????????# ## ####???##### """ ??? | | ????????# #???????### """ #?????? | | ????????## !*#?###?????## #??????? | | ?????????### ### ### ## ##?????# ###??????? | | ?????????### #?# ### #?????## ##????????? | | ?????????# #?# #??????## #?????????? | | ####?????# ##?##### #??###### ##????????? | | ##????# #??????## ##??# ##???????? | | ####?# #?###???# ##???# #???????? | | ### ## #???## ##????# ###### #???????? | | ### #?????##?????# #?????# ##???????# | | ##?### ##????????????# #??????###???????## | | ?????## ##????????????## #???????????????## | | ??????# ##???????????## ##??????######### | | ??????## ###???????### ######## ## | | ???????## ######### | | ????????## | +----------------------------------------------------+ Best States ------------- Heat Dissipation 25 Energy Generation 10 Energy Capacity 250 Matter Stores 300 Matter Capacity 300 Sight Range 16 Terrain Scan Range 16 Terrain Scan Density 10 Resistance: KI 20 Resistance: TH 20 Resistance: EX 20 Resistance: EM 20 Resistance: I 20 Resistance: S 20 Resistance: P 20 Evasion (%) 55 Offensive Hacking 10 Item Schematics ----------------- None Robot Schematics ------------------ None Fabricated ------------ Nothing Alien Tech Used ----------------- None Achievements -------------- None Challenges ------------ None Game ------ Seed ProcessingExplosiveMeganuke Manual? 0 Play Time 00:51:02 Cumulative 9.9 hours Start 2023.11.20 @ 20:43:05 End 2023.11.21 @ 22:07:47 Sessions 5 Manual Loads 0 Difficulty Adventurer Special Mode None Game No. 7 Rogue 6 Adventurer 1 Explorer 0 Win Type - Total 0 Types 0/0/0/0/0/0/0/0/0 Lore% 11 Gallery% 11 Achievement% 9 Wizard Run 0 Options --------- ASCII 0 Keyboard 0 Movement Mouse Keybinds 0 Fullscreen 2 Font 36/Terminus Map View 76x50 Tactical HUD 1 Map Filters NONE Filters NONE Steam 1 RUN: 337b6ff2-f108-4c1b-a114-d725796a4e2e